 Dungeon Crawl Stone Soup version 0.23.0-2-g0fe3ce5 (webtiles) character file.

Game seed: 11254733339658199127

717 night the Skirmisher (level 7, 0/47 HPs)
             Began as a Gargoyle Gladiator on Feb 19, 2019.
             Slain by an ogre
             ... wielding a +0 giant club
              (16 damage)
             ... on level 5 of the Dungeon.
             The game lasted 00:07:22 (3258 turns).

night the Skirmisher (Gargoyle Gladiator)           Turns: 3258, Time: 00:07:23

Health: 0/47       AC: 13    Str: 19    XL:     7   Next: 70%
Magic:  7/7        EV: 11    Int:  9    God:
Gold:   225        SH:  0    Dex: 11    Spells: 6/6 levels left

rFire    . . .     SeeInvis .   a - +1 quarterstaff
rCold    . . .     Gourm    .   (shield currently unavailable)
rNeg     + . .     Faith    .   j - +0 ring mail
rPois    ∞         Spirit   .   c - +0 helmet
rElec    +         Reflect  .   (no cloak)
rCorr    .         Harm     .   u - +2 pair of gloves
MR       .....                  (no boots)
Stlth    +.........             n - amulet of regeneration
HPRegen  0.55/turn              (no ring)
MPRegen  0.10/turn              (no ring)

@: no status effects
A: negative energy resistance 1, electricity resistance, unbreathing,
petrification resistance, rot immunity, AC +4
a: no special abilities


You were on level 5 of the Dungeon.
You were not hungry.

You visited 1 branch of the dungeon, and saw 5 of its levels.

You collected 225 gold pieces.

Inventory:

Hand Weapons
 a - a +1 quarterstaff (weapon)
Missiles
 d - 4 throwing nets (quivered)
 l - 15 arrows
Armour
 c - a +0 helmet (worn)
 j - a +0 ring mail (worn)
 u - a +2 pair of gloves (worn)
Jewellery
 n - an amulet of regeneration (around neck)
 w - an uncursed amulet of guardian spirit {unknown}
Scrolls
 e - 6 scrolls of remove curse
 i - 3 scrolls of magic mapping
 q - 2 scrolls of identify
 r - a scroll of enchant weapon
 s - a scroll of amnesia {unknown}
 t - a scroll of teleportation {unknown}
 v - 3 scrolls of noise {unknown}
Potions
 g - a potion of heal wounds {unknown}
 h - a potion of berserk rage {unknown}
 k - a potion of agility {unknown}
 m - a potion of magic {unknown}
 o - 3 potions of lignification
 p - 3 potions of curing {unknown}
Comestibles
 b - 7 chunks of flesh
 f - 10 rations


   Skills:
 + Level 6.7 Fighting
 + Level 6.5 Staves
 - Level 1.7 Throwing
 - Level 2.4 Dodging


You had 6 spell levels left.
You didn't know any spells.
Your spell library was empty.

Dungeon Overview and Level Annotations

Branches:
Dungeon (5/15)
 Temple: D:4-7

Altars:

Shops:
D:4 [


Innate Abilities, Weirdness & Mutations

You are resistant to torment.
Your stone body is resilient. (AC +4)
You are immune to poison.
You resist negative energy. (rN+)
You are resistant to electric shocks. (rElec)
You can survive without breathing.
You are immune to petrification.
You are immune to rotting.


Message History

The ogre closely misses you. The orc closely misses you.
You sock the ogre!
The ogre is severely wounded.
The ogre hits you with a +0 giant club. The orc hits you.
You are too injured to fight recklessly!
You are too injured to fight recklessly!
The orc barely misses you.
You hit the ogre.
The ogre is severely wounded.
The orc barely misses you. The ogre barely misses you.
You barely miss the ogre.
The ogre is severely wounded.
The orc barely misses you.
You hit the ogre.
The ogre is severely wounded.
The ogre hits you with a +0 giant club! The orc barely misses you.
You hit the ogre.
The ogre is almost dead.
The ogre hits you with a +0 giant club!
You die...

#.# .## .. ..# .#
#.# #.. ...... ..
#.#.#.#.#.#.
..........#
.#.#.#.#.#)#)##.#
...........Oo...#
#.#.#.#.#.#.#@#####
.................#
.#.#.#.#.#.#†#.#.#
. ............#.#
.#.#.#.#.#.#..#.#
#............##.#
##.####.......# ..
##..####..#.#.## ^.
....)÷........# ..


You could see an ogre and an orc.

Vanquished Creatures
  Menkaure (D:4)
  2 hounds (D:3)
  3 orc priests
  4 orc wizards (D:4)
  2 worker ants (D:4)
  7 gnolls
  8 adders
  An ooze (D:1)
  5 worms
  2 dart slugs (D:1)
  2 leopard geckos (D:2)
  26 orcs
  6 bats
  5 giant cockroaches
  5 goblins
  6 hobgoblins
  4 jackals
  7 kobolds
  2 quokkas (D:3)
  A ball python (D:3)
  3 frilled lizards
  A quokka zombie (D:2)
  8 rats
111 creatures vanquished.

Notes
Turn   | Place    | Note
-------+----------+-------------------------------------------
     0 | D:1      | night the Gargoyle Gladiator began the quest for the Orb.
     0 | D:1      | Reached XP level 1. HP: 12/12 MP: 1/1
   268 | D:1      | Reached XP level 2. HP: 18/18 MP: 2/2
   552 | D:1      | Reached XP level 3. HP: 22/23 MP: 3/3
  1080 | D:2      | Reached XP level 4. HP: 28/28 MP: 4/4
  2161 | D:3      | Reached XP level 5. HP: 33/33 MP: 5/5
  2511 | D:4      | Reached skill level 5 in Fighting
  2511 | D:4      | Reached skill level 5 in Staves
  2511 | D:4      | Reached XP level 6. HP: 37/40 MP: 6/6
  2754 | D:4      | Reached XP level 7. HP: 26/45 MP: 7/7
  2827 | D:4      | Found Maere's Armour Emporium.
  2966 | D:4      | Noticed Menkaure
  2975 | D:4      | Killed Menkaure
  3144 | D:5      | Entered Level 5 of the Dungeon
  3258 | D:5      | Slain by an ogre

Skill      XL: |  1  2  3  4  5  6  7 |
---------------+----------------------+-----
Fighting       | 3 4 5 6 |  6.7
Staves         | 4 5 6 |  6.5
Throwing       | |  1.7
Dodging        | |  2.4

Action                   |  1- 3 |  4- 6 |  7- 9 || total
-------------------------+-------+-------+-------++-------
Melee: Quarterstaff      |    90 |   199 |    90 ||   379
  Use: Scroll            |       |     5 |       ||     5
 Stab: Sleeping          |     1 |       |       ||     1
  Eat: Chunk             |     1 |     5 |     2 ||     8
Armor: Leather armour    |     3 |       |       ||     3
       Ring mail         |    29 |   110 |    42 ||   181
Dodge: Dodged            |    50 |   137 |    60 ||   247
